 Dungeon Crawl Stone Soup version 0.23.1 (webtiles) character file.

Game seed: 9347356108924556794

37 misha the Poker (level 3, -2/45 HPs)
             Began as a Merfolk Berserker on Mar 9, 2019.
             Was a Follower of Trog.
             Slain by Grinder (4 damage)
             ... while paralysed by Grinder
             ... on level 3 of the Dungeon.
             The game lasted 00:04:34 (2408 turns).

misha the Poker (Merfolk Berserker)                 Turns: 2408, Time: 00:04:34

Health: -2/45      AC:  3    Str: 23    XL:     3   Next: 41%
Magic:  3/3        EV:  2    Int:  6    God:    Trog [*.....]
Gold:   128        SH:  0    Dex: 13    Spells: 2/2 levels left

rFire    . . .     SeeInvis .   a - +0 spear
rCold    . . .     Gourm    .   (no shield)
rNeg     . . .     Faith    .   b - +0 animal skin
rPois    .         Spirit   .   (no helmet)
rElec    .         Reflect  .   (no cloak)
rCorr    .         Harm     .   s - +0 pair of gloves
MR       .....                  (no boots)
Stlth    ..........             (no amulet)
HPRegen  0.15/turn              (no ring)
MPRegen  0.08/turn              (no ring)

@: paralysed, berserking (expiring)
A: change form in water, swift swim, stealthy swim
a: Berserk, Renounce Religion


You were on level 3 of the Dungeon.
You worshipped Trog.
Trog was aware of your devotion.
You were hungry.

You visited 1 branch of the dungeon, and saw 3 of its levels.

You collected 128 gold pieces.

Inventory:

Hand Weapons
 a - a +0 spear (weapon)
Missiles
 f - a throwing net (quivered)
 g - 7 poisoned needles
 r - 7 steel javelins
Armour
 b - a +0 animal skin (worn)
 s - a +0 pair of gloves (worn)
 t - a +0 scale mail
Jewellery
 m - an uncursed ring of wizardry {unknown}
 p - an uncursed ring of protection from fire {unknown}
 v - an uncursed amulet of harm {unknown}
Scrolls
 k - a scroll of enchant armour {unknown}
 l - 2 scrolls of amnesia {unknown}
 n - a scroll of fog {unknown}
 o - 2 scrolls of remove curse {unknown}
 q - a scroll of immolation {unknown}
 u - a scroll of identify {unknown}
Potions
 d - a potion of berserk rage {unknown}
 e - 2 potions of might {unknown}
 h - 2 potions of curing {unknown}
 i - a potion of heal wounds {unknown}
 j - a potion of agility {unknown}
 w - a potion of ambrosia {unknown}
Comestibles
 c - 3 rations


   Skills:
 + Level 3.8 Fighting
 * Level 5.7 Polearms
 - Level 1.4 Armour
 - Level 2.7 Dodging


You had 2 spell levels left.
You didn't know any spells.
Your spell library was empty.

Dungeon Overview and Level Annotations

Branches:
Dungeon (3/15)

Altars:
Dithmenos
Makhleb

Annotations:
D:3 Grinder


Message History

* * * LOW HITPOINT WARNING * * *
You closely miss Grinder.
Grinder is severely wounded.
A jackal comes into view.
You closely miss Grinder.
Grinder is severely wounded.
The jackal barks!
A jackal comes into view.
Grinder gestures at you.
You suddenly lose the ability to move!
Grinder gestures at you.
You shrug off the repeated paralysis!
Grinder hits you!
* * * LOW HITPOINT WARNING * * *
You writhe in agony.
* * * LOW HITPOINT WARNING * * *
Grinder hits you.
* * * LOW HITPOINT WARNING * * *
You writhe in agony.
You die...

######.......#
################............#
.......................≈.≈..#
###############........≈⌠≈..#
####.....................≈..#
.......###....########......#
.......##..##.### ###....#
.......#..# #...### ######
..........#####.@.#
..............###5#
........#####. h# #.......#
.# ##......## .h .#.#.##..##
.. .#....)...# .#.
.#...##.#..# .#. ##.####.##.#


You could see Grinder and 2 jackals.

Vanquished Creatures
  An adder (D:2)
  A leopard gecko (D:3)
  An orc (D:3)
  3 giant cockroaches
  3 goblins
  2 hobgoblins
  2 jackals (D:1)
  2 ball pythons
  2 bats
  6 frilled lizards
  5 rats
28 creatures vanquished.

Notes
Turn   | Place    | Note
-------+----------+-------------------------------------------
     0 | D:1      | misha the Merfolk Berserker began the quest for the Orb.
     0 | D:1      | Reached XP level 1. HP: 18/18 MP: 1/1
   286 | D:1      | Reached XP level 2. HP: 24/24 MP: 2/2
   489 | D:1      | Reached skill level 5 in Polearms
   984 | D:2      | Reached XP level 3. HP: 19/30 MP: 3/3
  2195 | D:3      | Found a burning altar of Makhleb.
  2313 | D:3      | Found a shadowy altar of Dithmenos.
  2396 | D:3      | Noticed Grinder
  2405 | D:3      | Paralysed by Grinder for 7 turns
  2408 | D:3      | HP: 2/45 [Grinder (1)]
  2408 | D:3      | Slain by Grinder

Skill      XL: |  1  2 |
---------------+-------+-----
Polearms       | 5 |  5.7
Fighting       | |  3.8
Armour         | |  1.4
Dodging        | |  2.7

Action                   || total
-------------------------++-------
Melee: Spear             ||    93
Invok: Berserk           ||     3
 Stab: Sleeping          ||     3
  Eat: Chunk             ||     3
       Ration            ||     1
Armor: Animal skin       ||     5
Dodge: Dodged            ||    32
